 Dungeon Crawl Stone Soup version 0.18-a0-373-gaf408bd (webtiles) character file.

4566 Raultor the Cruncher (level 10, -1/75 HPs)
             Began as a White Draconian Gladiator on Nov 29, 2015.
             Was a Believer of Ru.
             Slain by a gargoyle
             ... wielding a +0 morningstar
              (3 damage)
             ... on level 10 of the Dungeon.
             The game lasted 00:28:37 (9523 turns).

Raultor the Cruncher (White Draconian Gladiator)    Turns: 9523, Time: 00:28:37

Health: -1/75      AC: 10    Str: 17    XL:     10   Next: 18%
Magic:  2/10       EV: 17    Int:  7    God:    Ru [**....]
Gold:   463        SH:  0    Dex: 15    Spells: 1 memorised, 6 levels left

rFire  . . .     SeeInvis .     a - +0 quarterstaff
rCold  + . .     Clarity  .     (armour unavailable)
rNeg   . . .     SustAt   .     (shield currently unavailable)
rPois  .         Gourm    .     b - +0 hat
rElec  .         Spirit   .     (no cloak)
rCorr  .         Warding  .     B - +0 pair of gloves
rMut   .         Stasis   .     D - +1 pair of boots
MR     +....                    (no amulet)
Stlth  ..........               (no ring)
                                y - ring of wizardry

@: short of breath, very slightly contaminated, somewhat resistant to hostile
enchantments, extremely unstealthy
A: breathe frost, unfitting armour, cold resistance 1, dopey 1, frail 1, magic
resistance 1, cold-blooded, no stealth, hated by all, AC +7
a: Breathe Frost, Renounce Religion


You were on level 10 of the Dungeon.
You worshipped Ru.
Ru was pleased with you.
You were not hungry.

You visited 1 branch of the dungeon, and saw 10 of its levels.

You collected 463 gold pieces.

Inventory:

Hand Weapons
 a - a +0 quarterstaff (weapon)
Missiles
 s - 26 poisoned needles
Armour
 b - a +0 hat (worn)
 B - a +0 pair of gloves (worn)
 D - a +1 pair of boots (worn)
Jewellery
 y - a ring of wizardry (left hand)
Wands
 u - a wand of cold (0)
 G - a wand of digging (11)
 J - a wand of cold (0)
Scrolls
 c - 3 scrolls of immolation {unknown}
 e - a scroll of enchant armour {unknown}
 g - 4 scrolls of teleportation {unknown}
 i - 3 scrolls of amnesia {unknown}
 j - 11 scrolls of remove curse
 n - 4 scrolls of identify {unknown}
 o - 3 scrolls of fog {unknown}
 p - a scroll of magic mapping {unknown}
 w - a scroll of random uselessness {unknown}
 E - a scroll of vulnerability {unknown}
 I - a scroll of noise {unknown}
Potions
 l - 2 potions of agility
 q - a potion of lignification
 C - a potion of haste
Books
 z - a book of Maledictions

   Spells                             Type                      Level
   a - Corona                         Hexes                        1
   b - Ensorcelled Hibernation        Hexes/Ice                    2
   c - Confuse                        Hexes                        3
   d - Tukima's Dance                 Hexes                        3
   e - Dazzling Spray                 Conjuration/Hexes            3
Comestibles
 d - 5 bread rations
 f - 6 fruits
 k - 5 meat rations
 r - a slice of pizza
 v - 5 beef jerkies
 F - a royal jelly


   Skills:
 + Level 6.5 Fighting
 * Level 10.1 Staves
 - Level 1.7 Throwing
 + Level 8.3 Dodging
 * Level 4.2 Hexes
 + Level 0.2 Evocations


You had 6 spell levels left.
You knew the following spells:

 Your Spells              Type           Power        Failure   Level  Hunger
a - Tukima's Dance        Hex            #.......     12%         3    ####...


Dungeon Overview and Level Annotations

Branches:
Dungeon (10/15)            Temple (0/1) D:6             Orc (0/4) D:9
   Lair: D:8-11

Altars:
Fedhas
Ru
Trog
Vehumet

Shops:
D:8 [

Annotations:
D:5 exclusion: ice beast


Innate Abilities, Weirdness & Mutations

You can breathe waves of freezing cold.
You can buffet flying creatures when you breathe cold.
Your icy white scales are hard (AC +7).
Your body does not fit into most forms of armour.
Your flesh is cold resistant.
You are cold-blooded and may be slowed by cold attacks.
You cannot be stealthy.
You are hated by all.
You are dopey. (Int -2)
You are frail (-10% HP).
You are resistant to hostile enchantments.


Message History

You are too injured to fight recklessly!
Evoke which item? (* to show all) (? for menu, Esc to quit)
Zapping:
J - a wand of cold {zapped: 10} (will waste charges)
Press: ? - help, Shift-Dir - straight line, f/p - gargoyle
Aim: a gargoyle, wielding a morningstar Nothing appears to happen.
The gargoyle hurls a stone arrow at you.
The stone arrow misses you. The gargoyle misses you.
You see here 11 gold pieces.
You hit the gargoyle but do no damage.
You tail-slap the gargoyle, but do no damage.
You hit the gargoyle but do no damage.
The gargoyle hurls a stone arrow at you.
The stone arrow hits you!
* * * LOW HITPOINT WARNING * * *
You hit the gargoyle.
The gargoyle is lightly damaged.
The gargoyle hits you with a morningstar.
You die...

###############
................
................
................
................
................
.......9........
.......@........
........<.......
................
................
################


You could see a gargoyle.

Vanquished Creatures
  Psyche (D:9)
  A troll (D:9)
  A two-headed ogre (D:8)
  2 hippogriffs
  Duvessa (D:7)
  An orc warrior (D:8)
  A sky beast (D:7)
  3 black bears
  An ice beast (D:7)
  A crocodile (D:7)
  A centaur (D:7)
  7 ogres
  3 big kobolds
  3 giant frogs
  Dowan (D:7)
  3 gnoll sergeants (D:9)
  3 scorpions
  4 killer bees (D:7)
  3 wights (D:8)
  2 crimson imps
  A quasit (D:8)
  A centaur zombie (D:8)
  2 hounds
  3 orc wizards
  Jessica (D:3)
  A centaur skeleton (D:5)
  2 orc priests (D:8)
  A giant frog skeleton (D:4)
  2 iguanas
  7 worker ants
  A hound skeleton (D:8)
  10 gnolls
  A shadow imp (D:8)
  21 adders
  An ooze (D:1)
  2 adder zombies (D:5)
  2 adder skeletons
  2 worms (D:2)
  3 giant geckos
  21 orcs
  6 ball pythons
  9 bats
  6 giant cockroaches
  11 goblins
  9 hobgoblins
  4 jackals (D:1)
  3 quokkas
  A giant gecko skeleton (D:5)
  A giant gecko zombie (D:7)
  5 giant newts
  9 kobolds
  2 quokka skeletons
  4 rats
198 creatures vanquished.

Vanquished Creatures (others)
  A wyvern (D:9)
  2 bats (D:2)
3 creatures vanquished.

Grand Total: 201 creatures vanquished

Notes
Turn   | Place    | Note
--------------------------------------------------------------
     0 | D:1      | Raultor the Draconian Gladiator began the quest for the Orb.
     0 | D:1      | Reached XP level 1. HP: 17/17 MP: 1/1
    82 | D:1      | Reached XP level 2. HP: 11/24 MP: 2/2
   384 | D:1      | Reached XP level 3. HP: 13/29 MP: 3/3
   944 | D:2      | Reached skill level 4 in Staves
  1231 | D:2      | Found a radiant altar of Vehumet.
  1681 | D:2      | Reached XP level 4. HP: 32/37 MP: 4/4
  2402 | D:2      | Reached XP level 5. HP: 34/42 MP: 5/5
  2560 | D:2      | Reached skill level 5 in Staves
  2981 | D:3      | Noticed Jessica
  3146 | D:3      | Killed Jessica
  3146 | D:3      | Reached XP level 6. HP: 27/51 MP: 6/6
  3626 | D:4      | Found a sacrificial altar of Ru.
  3709 | D:4      | Became a worshipper of Ru the Awakened
  4245 | D:5      | Entered Level 5 of the Dungeon
  4513 | D:5      | Reached skill level 6 in Staves
  4513 | D:5      | Reached skill level 5 in Dodging
  4513 | D:5      | Your scales start taking on an icy white colour.
  4513 | D:5      | Gained mutation: Your flesh is cold resistant. [White Draconian growth]
  4513 | D:5      | Reached XP level 7. HP: 30/58 MP: 7/7
  4737 | D:5      | Found a bloodstained altar of Trog.
  4774 | D:5      | Gained mutation: You cannot be stealthy. [Ru sacrifice]
  5258 | D:6      | Learned a level 3 spell: Tukima's Dance
  5400 | D:6      | Reached skill level 1 in Hexes
  5514 | D:6      | Found a staircase to the Ecumenical Temple.
  5523 | D:6      | Reached XP level 8. HP: 52/67 MP: 8/8
  5611 | D:6      | Reached skill level 7 in Staves
  6373 | D:6      | Reached skill level 5 in Fighting
  6611 | D:7      | HP: 3/68 [crocodile (11)]
  6990 | D:7      | Reached skill level 8 in Staves
  7139 | D:7      | Reached XP level 9. HP: 57/74 MP: 9/9
  7512 | D:7      | Gained mutation: You are hated by all. [Ru sacrifice]
  7512 | D:7      | Reached * piety under Ru
  7512 | D:7      | Reached ** piety under Ru
  7550 | D:7      | Noticed Duvessa
  7550 | D:7      | Noticed Dowan
  7572 | D:7      | Killed Duvessa
  7583 | D:7      | Killed Dowan
  8198 | D:8      | Reached skill level 9 in Staves
  8370 | D:8      | Found Vathricust's Antique Armour Shoppe.
  9075 | D:9      | Found a blossoming altar of Fedhas.
  9171 | D:9      | Noticed Psyche
  9182 | D:9      | HP: 3/75 [disintegration (3)]
  9188 | D:9      | Killed Psyche
  9430 | D:9      | Reached XP level 10. HP: 83/83 MP: 10/10
  9436 | D:9      | Gained mutation: You are resistant to hostile enchantments. [potion of mutation]
  9436 | D:9      | Gained mutation: You are dopey. (Int -2) [potion of mutation]
  9436 | D:9      | Gained mutation: You are frail (-10% HP). [potion of mutation]
  9476 | D:9      | Found a staircase to the Orcish Mines.
  9489 | D:9      | Reached skill level 10 in Staves
  9515 | D:10     | Entered Level 10 of the Dungeon
  9522 | D:10     | HP: 2/75 [gargoyle/stone arrow (11)]
  9523 | D:10     | Slain by a gargoyle

Vault maps used:
D:1:      elethiomel_arrival_shortcut
D:2:      fiery_altar_vehumet, minmay_snake_closets
D:3:      first_bread, uniq_jessica
D:4:      nicolae_ru_path_of_blood
D:5:      basic_altar
D:6:      black_bear_nest_2, minmay_temple_entry_nine_rooms,
          minmay_misc_feat_chi
D:7:      uniq_duvessa
D:8:      serial_shops, shop
D:9:      david_lair_shrubbed, kennysheep_orc_monster_closet_entryway,
          serial_shops, kennysheep_mini_moat, basic_altar, grunt_ogre_cave,
          nicolae_benzene_ring, uniq_prince_ribbit1, uniq_psyche
D:10:     enter_bailey_2, nicolae_trove_entry_free_sample, uniq_urug

Action                   |  1- 3 |  4- 6 |  7- 9 | 10-12 || total
-------------------------+-------+-------+-------+-------++-------
Melee: Quarterstaff      |   108 |   256 |   411 |    23 ||   798
Throw: Throwing net      |       |     1 |     2 |       ||     3
Invok: Sacrifice Stealth |       |       |     1 |       ||     1
       Sacrifice Love    |       |       |     1 |       ||     1
 Abil: Breathe Frost     |       |       |    19 |     2 ||    21
Evoke: Wand              |       |       |     3 |     4 ||     7
  Use: Scroll            |       |     1 |     1 |       ||     2
       Potion            |       |       |    10 |     8 ||    18
 Stab: Sleeping          |     1 |     3 |       |       ||     4
       Held in net/web   |       |       |     1 |       ||     1
       Invisible         |       |       |     4 |       ||     4
       Distracted        |       |       |     1 |       ||     1
  Eat: Chunk             |     2 |     9 |    16 |     1 ||    28
       Fruit             |     1 |       |       |       ||     1
       Royal jelly       |       |       |     1 |       ||     1
       Pizza             |       |       |     1 |       ||     1
